 Dungeon Crawl Stone Soup version 0.25-b1-37-g2669288c55 (webtiles) character file.

Game seed: 16427097141064273615

2555 Tyranth the Carver (level 9, -3/68 HPs)
             Began as a Human Fighter on June 5, 2020.
             Was a Follower of Makhleb.
             Slain by a centaur warrior
             ... wielding a +2 dire flail of draining
              (12 damage)
             ... on level 7 of the Dungeon on June 6, 2020.
             The game lasted 01:53:11 (7992 turns).

Tyranth the Carver (Human Fighter)                  Turns: 7992, Time: 01:53:11

Health: -3/68      AC: 14    Str: 18    XL:     9   Next: 86%
Magic:  11/11      EV:  4    Int:  9    God:    Makhleb [*.....]
Gold:   214        SH:  9    Dex: 14    Spells: 8/8 levels left

rFire    . . .     SeeInvis .   a - +1 long sword
rCold    + . .     Gourm    .   c - +0 kite shield
rNeg     . . .     Faith    .   y - +1 chain mail
rPois    +         Spirit   .   (no helmet)
rElec    .         Reflect  .   (no cloak)
rCorr    +         Harm     .   q - +2 pair of gloves of the Unbroken {rPois rC+ Regen+}
MR       +....                  z - +0 pair of boots
Stlth    ..........             j - amulet of magic regeneration
HPRegen  0.61/turn              e - ring of resist corrosion
MPRegen  0.37/turn              n - ring of protection from magic

@: mighty, heavily drained
A: no striking features
a: Renounce Religion


You were on level 7 of the Dungeon.
You worshipped Makhleb.
Makhleb was aware of your devotion.
You were not hungry.

You visited 2 branches of the dungeon, and saw 9 of its levels.
You also visited: Sewer.

You collected 240 gold pieces.
You spent 26 gold pieces at shops.

Inventory:

Hand Weapons
 a - a +1 long sword (weapon)
 h - a +0 shortbow
 l - a +1 vorpal flail
 s - a cursed -3 hand axe
 u - a +0 long sword
Missiles
 f - 107 arrows
 r - 7 boomerangs of dispersal
 F - 85 stones (quivered)
Armour
 b - a +0 scale mail
 c - a +0 kite shield (worn)
 g - a +0 plate armour
 q - the +2 pair of gloves of the Unbroken (worn) {rPois rC+ Regen+}
   (You found it on level 6 of the Dungeon)

   It protects you from cold.
   It protects you from poison.
   It increases your rate of regeneration.
 y - a +1 chain mail (worn)
 z - a +0 pair of boots (worn)
Jewellery
 e - a ring of resist corrosion (left hand)
 j - an amulet of magic regeneration (around neck)
 n - a ring of protection from magic (right hand)
 w - an uncursed ring of see invisible {unknown}
Wands
 k - a wand of paralysis (9)
 p - a wand of iceblast (8)
 t - a wand of polymorph (10)
Scrolls
 m - a scroll of teleportation
 B - a scroll of immolation
 D - 2 scrolls of fear
 E - 2 scrolls of fog
 L - a scroll of remove curse
 M - a scroll of amnesia
Potions
 d - 2 potions of might
 i - 2 potions of lignification
 o - a potion of ambrosia
 v - 2 potions of degeneration
 C - 2 potions of resistance
 G - a potion of heal wounds {unknown}
 H - 3 potions of brilliance
 I - 3 potions of magic
 J - 3 potions of curing
 K - a potion of flight {unknown}
 N - a potion of cancellation {unknown}
 O - a potion of stabbing {unknown}
Comestibles
 A - 7 rations


   Skills:
 + Level 5.3(2.4) Fighting
 * Level 8.2(5.1) Long Blades
 + Level 6.4(3.4) Armour
 - Level 0.4(0.0) Dodging
 - Level 1.0(0.0) Stealth
 + Level 6.5(3.6) Shields
 + Level 2.9(0.2) Invocations


You had 8 spell levels left.
You didn't know any spells.
Your spell library was empty.

Dungeon Overview and Level Annotations

Branches:
Dungeon (8/15)             Temple (1/1) D:4           Sewer (visited)
   Lair: D:8-11

Altars:
Ashenzari
Cheibriados
Elyvilon
Fedhas
Gozag
Hepliaklqana
Kikubaaqudgha
Makhleb
Nemelex Xobeh
Qazlal
Trog
Wu Jian
Xom
Yredelemnul
The Shining One

Shops:
D:4 ==   D:7 (

Annotations:
D:4 3 runed translucent doors, sipior's ghost, amateur OpVM
D:5 Grinder


Message History

The centaur warrior barely misses you.
You riposte.
You slash the centaur warrior!
The centaur warrior is severely wounded.
You block the centaur's attack.
The centaur warrior hits you with a +2 dire flail of draining!
* * * LOW HITPOINT WARNING * * *
You feel drained.
* * * LOW HITPOINT WARNING * * *
The centaur hits you but does no damage.
Okay, then.
You slash the centaur warrior!
The centaur warrior is almost dead.
You block the centaur warrior's attack.
The centaur hits you but does no damage.
You slash the centaur warrior!
The centaur warrior is almost dead.
The centaur hits you.
* * * LOW HITPOINT WARNING * * *
The centaur warrior hits you with a +2 dire flail of draining!
You die...

........ ..# #.# ##.# ..######
### #.# #.# .## #.# #.# .# #.#
#.# .# #.# #.# .# #.# #.# .# #K#
#.# .# #c# #.. .# #@# ##. .# #c#
#. .# #.###############.
.###############...|.............
...................##########....
.# #####...#######.# #....
.######.....######.######## ####.
.....[....................# #.
.######.....#############.# #.


You could see a centaur warrior, a big kobold and a centaur.

Vanquished Creatures
  Pikel (D:4)
  Edmund (D:5)
  Menkaure (D:5)
  An orc warrior (D:7)
  A hornet zombie (D:7)
  An ice beast (D:7)
  3 ogres (D:6)
  A phantom (D:7)
  2 centaurs
  3 bullfrogs
  A scorpion (D:4)
  A crimson imp (D:7)
  A bullfrog zombie (D:7)
  A jelly (D:7)
  5 orc wizards
  2 orc priests
  2 hounds
  A bullfrog skeleton (D:8)
  3 iguanas
  3 worker ants
  A hound zombie (D:8)
  11 adders
  4 river rats
  A shadow imp (D:8)
  An ooze (D:4)
  2 adder skeletons (D:4)
  5 worms
  A leopard gecko (D:4)
  21 orcs
  7 giant cockroaches
  7 goblins
  4 hobgoblins
  13 jackals
  8 kobolds
  A quokka (D:3)
  13 ball pythons
  5 bats
  2 frilled lizards
  A quokka skeleton (D:7)
  30 rats
  A plant (D:7)
174 creatures vanquished.

Vanquished Creatures (others)
  An orc wizard (D:4)
  An orc (D:4)
  A leopard gecko skeleton (D:4)
3 creatures vanquished.

Grand Total: 177 creatures vanquished

Notes
Turn   | Place    | Note
-------+----------+-------------------------------------------
     0 | D:1      | Tyranth the Human Fighter began the quest for the Orb.
     0 | D:1      | Reached XP level 1. HP: 18/18 MP: 1/1
    94 | D:1      | Reached XP level 2. HP: 2/24 MP: 2/2
   355 | D:2      | Reached XP level 3. HP: 20/29 MP: 3/3
   680 | D:3      | Reached XP level 4. HP: 27/35 MP: 4/4
  1060 | D:3      | Reached skill level 1 in Stealth
  1060 | D:3      | Reached XP level 5. HP: 20/41 MP: 5/5
  1228 | D:3      | Found a glowing drain.
  1251 | Sewer    | Entered a sewer
  2287 | Sewer    | Noticed a bullfrog
  2289 | Sewer    | Noticed a bullfrog
  2292 | Sewer    | Killed a bullfrog
  2292 | Sewer    | Reached skill level 3 in Long Blades
  2292 | Sewer    | Reached XP level 6. HP: 37/47 MP: 6/6
  2293 | Sewer    | Reached skill level 5 in Shields
  2932 | D:4      | Noticed sipior's ghost (amateur OpVM)
  2935 | D:4      | Found Wekh's Jewellery Emporium.
  2950 | D:4      | Reached XP level 7. HP: 33/53 MP: 7/7
  3231 | D:4      | Bought a cursed -4 ring of strength for 26 gold pieces
  3254 | D:4      | Found a runed translucent gate.
  3254 | D:4      | Found a runed translucent gate.
  3254 | D:4      | Found a runed translucent gate.
  3297 | D:4      | Found a staircase to the Ecumenical Temple.
  3306 | Temple   | Entered the Ecumenical Temple
  3461 | Temple   | Became a worshipper of Makhleb the Destroyer
  3599 | D:4      | Found a sparkling altar of Nemelex Xobeh.
  3651 | D:4      | Noticed Pikel
  3680 | D:4      | Killed Pikel
  3680 | D:4      | Reached skill level 5 in Long Blades
  3680 | D:4      | Reached skill level 5 in Armour
  3680 | D:4      | Reached XP level 8. HP: 30/60 MP: 8/8
  3884 | D:4      | Found Dumibiosh's Jewellery Shoppe.
  3963 | D:4      | Reached skill level 6 in Long Blades
  4455 | D:5      | Entered Level 5 of the Dungeon
  4502 | D:5      | Found a transporter.
  4506 | D:5      | Noticed Menkaure
  4506 | D:5      | Found an ancient bone altar of Kikubaaqudgha.
  4506 | D:5      | Found a basalt altar of Yredelemnul.
  4507 | D:5      | Noticed a wraith
  4513 | D:5      | Killed Menkaure
  4520 | D:5      | HP: 3/60 [wraith (7)]
  4520 | D:5      | HP: 1/60 [shadow imp (2)]
  4523 | D:5      | Found a transporter.
  4986 | D:5      | Found a shimmering altar of Xom.
  5420 | D:5      | Noticed Edmund
  5431 | D:5      | Killed Edmund
  5431 | D:5      | Reached skill level 7 in Long Blades
  5431 | D:5      | Reached XP level 9. HP: 51/66 MP: 9/9
  5561 | D:5      | Noticed Grinder
  5618 | D:4      | Reached * piety under Makhleb
  6033 | D:6      | Got a pair of jewelled gloves
  6039 | D:6      | Identified the +2 pair of gloves of the Unbroken {rPois rC+
                  | Regen+} (You found it on level 6 of the Dungeon)
  6135 | D:6      | Reached skill level 1 in Invocations
  6482 | D:6      | Found a hazy altar of Hepliaklqana.
  6710 | D:7      | Found Xumeam's Antique Weapon Shoppe.
  6823 | D:7      | Reached skill level 5 in Fighting
  7422 | D:7      | Reached skill level 8 in Long Blades
  7892 | D:8      | Identified the amulet "Vuohem" {Spirit +Blink Int+3}
  7892 | D:8      | Noticed a centaur warrior
  7896 | D:8      | Noticed a hippogriff
  7992 | D:7      | Slain by a centaur warrior

Illustrated notes

Levels and vault maps discovered:
D:1:      dpeg_arrival_oval, layout_basic, serial_forest,
          infiniplex_forest_clump_small, infiniplex_forest_lined_room_3,
          infiniplex_forest_clump_medium, infiniplex_forest_side_room,
          infiniplex_forest_clump_diagonal, infiniplex_forest_lined_room_2,
          infiniplex_forest_straight_1, infiniplex_forest_clump_long,
          infiniplex_forest_clump_small
D:2:      layout_loops_cross, minitemple, kennysheep_another_room,
          cheibrodos_gnoll_hut
D:3:      layout_rooms, gup_sewer_entry_bowl, first_ration
D:4:      layout_basic, nemelex_xobeh_ov_fountains_minmay,
          minmay_temple_entry_purple_smoke, serial_shops, shop, shop,
          gammafunk_ghost_split, uniq_pikel
D:5:      layout_loops_ring, tgw_sif, nicolae_overflow_crystal_walls,
          gammafunk_temple_of_torment, uniq_blork_the_orc, uniq_edmund,
          uniq_grinder
D:6:      layout_rooms, lemuel_round_altar
D:7:      layout_loops_ring, serial_shops, nicolae_shop_overgrown_old_shop
D:8:      minmay_the_grid_octo_tiled_octocenter [minmay_the_grid_octo_shrine,
          minmay_the_grid_octo_checkerflower,
          minmay_the_grid_octo_vomiting_pacman, minmay_the_grid_octo_checkered,
          minmay_the_grid_octo_prize_star,
          minmay_the_grid_square_5x5_hollow_slash,
          minmay_the_grid_square_5x5_meh, minmay_the_grid_square_5x5_trominoes,
          minmay_the_grid_square_5x5_beaten_path], layout_loops_cross,
          lemuel_coloured_pillars_altar, gup_ossuary_entry_pyramid, basic_altar,
          grunt_livestock, uniq_joseph
Temple:   cyrus_temple_forest

Skill      XL: |  1  2  3  4  5  6  7  8  9 |
---------------+----------------------------+-----
Shields        | 4 5 6 |  6.5
Stealth        | 1 |  1.0
Long Blades    | 3 5 7 8 |  8.2
Armour         | 4 5 6 |  6.4
Fighting       | 4 5 |  5.3
Invocations    | 2 |  2.9
Dodging        | |  0.4

Action                   |  1- 3 |  4- 6 |  7- 9 || total
-------------------------+-------+-------+-------++-------
Melee: Long sword        |   111 |   205 |   458 ||   774
Throw: Stone             |     4 |     7 |     8 ||    19
       Boomerang         |       |     3 |       ||     3
Evoke: Wand              |       |     2 |     3 ||     5
  Use: Scroll            |     2 |       |    21 ||    23
       Potion            |       |     1 |     5 ||     6
 Stab: Paralysed         |       |       |     7 ||     7
  Eat: Ration            |     1 |     2 |     5 ||     8
Armor: Scale mail        |    75 |   177 |   102 ||   354
       Chain mail        |       |       |    79 ||    79
Dodge: Dodged            |    48 |    86 |   105 ||   239
Block: Kite shield       |    89 |   152 |   202 ||   443
       Rpst.: Long sword |    21 |    33 |    33 ||    87
